AoeStats
← Dropkick Goose

Golden Pit

509979737Analyzed
1v1 RM · 4d ago on Sep 28, 2026· 48m 39s· 2 players
Game mode
Random Map
Map size
Tiny (2 player)
Population
200
Speed
Normal
Resources
Standard
Victory
Conquest
Starting age
Dark Age
Ending age
Imperial Age
RankedLock teamsTeams togetherTeam positionsShared explorationLock speedFull tech treeHidden civsTurbo modeCheats
Victory
Defeat
🇺🇸 Lithuanians · United States
812
+39
🇫🇷 Romans · France
801
-15
''Tartenpion''
11:10 Feudal Age
17:05 Castle Age
16:44 Horse Collar
17:34 Stone Mining
20:33 Loom
26:02 Pikeman
27:15 Scale Mail Armor
27:26 Forging
31:09 Double-Bit Axe
31:28 Heavy Plow
31:55 Gold Mining
33:50 Chain Mail Armor
34:10 Iron Casting
36:22 Bow Saw
38:00 Wheelbarrow
37:11 Town Watch
38:34 Squires
45:43 Imperial Age
48:03 Blast Furnace
47:38 Halberdier
Dropkick Goose
8:36 Loom
11:08 Feudal Age
11:55 Double-Bit Axe
13:47 Wheelbarrow
12:58 Horse Collar
12:58 Man-at-Arms
17:16 Bloodlines
17:02 Town Watch
21:09 Forging
24:04 Castle Age
22:50 Scale Barding Armor
24:18 Light Cavalry
24:59 Husbandry
26:53 Chain Barding Armor
29:40 Bow Saw
29:55 Gold Mining
30:09 Heavy Plow
33:10 Stone Mining
34:36 Iron Casting
34:32 Hand Cart
39:21 Imperial Age
37:09 Fletching
38:34 Stone Shaft Mining
39:39 Cavalier
41:31 Crop Rotation
42:05 Plate Barding Armor
41:27 Elite Leitis
43:07 Bodkin Arrow
43:26 Murder Holes
43:54 Ballistics
48:35 Paladin
Connection lost

Rejoining the realm…

Still unreachable

The connection could not be restored.

Session expired

The server has moved on; the page needs a fresh start.